 Dungeon Crawl Stone Soup version 0.23-a0-650-ga4d50d4 (webtiles) character file.

222 Blackhawk the Shield-Bearer (level 5, -2/50 HPs)
             Began as a Deep Dwarf Fighter on Jan 5, 2019.
             Killed from afar by Ijyb (10 damage)
             ... with a wand of flame (13)
             ... in the Ecumenical Temple.
             The game lasted 00:07:11 (1870 turns).

Blackhawk the Shield-Bearer (Deep Dwarf Fighter)    Turns: 1870, Time: 00:07:11

Health: -2/50      AC: 12    Str: 21    XL:     5   Next: 66%
Magic:  4/4        EV:  5    Int:  8    God:
Gold:   226        SH: 10    Dex: 12    Spells: 4/4 levels left

rFire    . . .     SeeInvis .   a - +0 flail
rCold    . . .     Gourm    .   c - +0 shield
rNeg     . . .     Faith    .   t - +0 chain mail
rPois    .         Spirit   .   j - +1 hat
rElec    .         Reflect  .   s - +1 cloak
rCorr    .         Harm     .   (no gloves)
MR       .....                  (no boots)
Stlth    ..........             (no amulet)
HPRegen  0.00/turn              (no ring)
MPRegen  0.09/turn              (no ring)

@: non-regenerating
A: damage resistance, heal wounds, sense surroundings 1, no regeneration
a: Heal Wounds


You were in the Ecumenical Temple.
You were not hungry.

You visited 2 branches of the dungeon, and saw 5 of its levels.

You collected 226 gold pieces.

Inventory:

Hand Weapons
 a - a +0 flail (weapon)
Missiles
 m - 5 poisoned javelins (quivered)
Armour
 b - a +0 scale mail
 c - a +0 shield (worn)
 h - a +0 helmet
 j - a +1 hat (worn)
 s - a +1 cloak (worn)
 t - a +0 chain mail (worn)
Scrolls
 g - a scroll of fear {unknown}
 i - 3 scrolls of teleportation {unknown}
 k - 3 scrolls of identify {unknown}
 n - a scroll of enchant weapon {unknown}
 o - a scroll of remove curse {unknown}
 q - a scroll of amnesia {unknown}
 v - 2 scrolls of blinking {unknown}
 x - a scroll of enchant armour {unknown}
 y - a scroll of random uselessness {unknown}
Potions
 d - a potion of might
 e - a potion of haste {unknown}
 l - a potion of magic {unknown}
 p - a potion of cancellation {unknown}
 r - 5 potions of curing
 w - a potion of mutation {unknown}
 z - 2 potions of flight {unknown}
Comestibles
 f - 4 rations
 u - 11 chunks of flesh


   Skills:
 + Level 3.7 Fighting
 + Level 3.4 Maces & Flails
 + Level 4.5 Armour
 + Level 4.5 Shields


You had 4 spell levels left.
You didn't know any spells.
Your spell library was empty.

Dungeon Overview and Level Annotations

Branches:
Dungeon (4/15)             Temple (1/1) D:4

Altars:
Ashenzari
Fedhas
Hepliaklqana
Kikubaaqudgha
Makhleb
Nemelex Xobeh
Okawaru
Qazlal
Ru
Sif Muna
Trog
Vehumet
Wu Jian
Xom
Yredelemnul
Zin
The Shining One

Annotations:
D:4 1 transporter
Temple Ijyb


Innate Abilities, Weirdness & Mutations

You are resistant to damage.
You can heal yourself by infusing magical energy.
You passively map a small area around you.
You do not regenerate.


Message History

Ijyb shouts!
Ijyb zaps a wand.
The puff of flame hits you!
* * * LOW HITPOINT WARNING * * *
There is a staircase to the Ecumenical Temple here.
Ijyb zaps a wand.
The puff of flame hits you!
You climb downwards.
Welcome to the Ecumenical Temple!
Found twelve altars.
There is a staircase back to the Dungeon here.
You barely miss Ijyb. You block Ijyb's attack.
Ijyb hits you but does no damage.
You sock Ijyb!
Ijyb is moderately wounded.
Ijyb completely misses you.
You hit Ijyb.
Ijyb is heavily wounded.
Ijyb zaps a wand.
You block the puff of flame.
You closely miss Ijyb.
Ijyb is heavily wounded.
Ijyb zaps a wand.
The puff of flame hits you!
You die...

, * , _....#
#...._ ......*
......, .._...#
#..._.. *
....... .......
*
...._..#.._....
*
#.............#
#.........#
*#..@..#
#...g.....# *
#.............#
...._..#.._....
....... .......
* .._...#
#..._.., ,
...... ...... *
_....# #...._ *
,


You could see Ijyb.

Vanquished Creatures
  A black bear (D:4)
  Terence (D:2)
  2 adders
  2 worms
  3 dart slugs
  4 leopard geckos
  7 orcs
  5 giant cockroaches
  7 goblins
  6 hobgoblins
  7 jackals
  3 bats
  2 frilled lizards (D:1)
  10 kobolds
  8 rats
68 creatures vanquished.

Notes
Turn   | Place    | Note
-------+----------+-------------------------------------------
     0 | D:1      | Blackhawk the Deep Dwarf Fighter began the quest for the
                  | Orb.
     0 | D:1      | Reached XP level 1. HP: 20/20 MP: 1/1
   127 | D:1      | Reached XP level 2. HP: 18/27 MP: 2/2
   596 | D:2      | Reached XP level 3. HP: 16/34 MP: 3/3
   630 | D:2      | Noticed Terence
   657 | D:2      | Killed Terence
   687 | D:2      | Found an iron altar of Okawaru.
   808 | D:2      | Reached XP level 4. HP: 28/42 MP: 4/4
   952 | D:2      | Found a glowing silver altar of Zin.
   952 | D:2      | Found an ornate altar of the Wu Jian Council.
  1341 | D:3      | Found a sparkling altar of Nemelex Xobeh.
  1650 | D:3      | Found a hazy altar of Hepliaklqana.
  1787 | D:4      | Noticed a black bear
  1803 | D:4      | HP: 2/42 [black bear (5)]
  1805 | D:4      | Killed a black bear
  1805 | D:4      | Reached XP level 5. HP: 18/50 MP: 4/4
  1820 | D:4      | Found a transporter.
  1861 | D:4      | Found a staircase to the Ecumenical Temple.
  1862 | D:4      | Noticed Ijyb
  1866 | Temple   | Entered the Ecumenical Temple
  1870 | Temple   | Killed from afar by Ijyb

Vault maps used:
D:1:      onia_arrival_mini_spirals, minmay_distorted
D:2:      overflow_temple_1_default, gammafunk_temple_overflow_elements,
          uniq_terence
D:3:      marbit_many_paths, nemelex_altar_shiori
D:4:      gammafunk_wand_slinger, minmay_temple_entry_butterflies, serial_shops,
          nicolae_shop_window_shopping, uniq_ijyb
Temple:   nicolae_temple_x_marks_the_god

Skill      XL: |  1  2  3  4 |
---------------+-------------+-----
Fighting       | 3 |  3.7
Shields        | 4 |  4.5
Armour         | 4 |  4.5
Maces & Flails | 3 |  3.4

Action                   |  1- 3 |  4- 6 || total
-------------------------+-------+-------++-------
Melee: Flail             |   145 |   117 ||   262
 Abil: Heal Wounds       |     1 |     1 ||     2
  Eat: Chunk             |       |     4 ||     4
Armor: Scale mail        |    57 |     4 ||    61
       Chain mail        |       |   111 ||   111
Dodge: Dodged            |    37 |    38 ||    75
Block: Shield            |    84 |    64 ||   148

Table legend:
 A = Non-vault XP
 B = Vault XP
 C = Vault XP percentage of total XP
 D = Non-vault monster count
 E = Vault monster count
 F = Vault count percentage of total count
                 A         B        C        D         E       F
            +---------+---------+-------+---------+---------+-------
      Total |     272 |      46 |  14.5 |      63 |       5 |   7.4
            +---------+---------+-------+---------+---------+-------
        D:1 |      31 |       5 |  13.9 |      20 |       3 |  13.0
        D:2 |      39 |      36 |  48.0 |      15 |       1 |   6.2
        D:3 |      66 |       5 |   7.0 |      24 |       1 |   4.0
        D:4 |     136 |       0 |   0.0 |       4 |       0 |   0.0
            +---------+---------+-------+---------+---------+-------
